 Dungeon Crawl Stone Soup version 0.31-a0-162-gc4c5a43528 (webtiles) character file.

Game seed: 17653680181136228670

211 qw the Shooter (level 5, -3/33 HPs)
             Began as a Gargoyle Hunter on June 12, 2023.
             Slain by an orc priest
             ... wielding a +0 trident
              (7 damage)
             ... on level 4 of the Dungeon.
             The game lasted 00:01:12 (2325 turns).

qw the Shooter (Gargoyle Hunter)                    Turns: 2325, Time: 00:01:12

Health: -3/33      AC: 12    Str: 15    XL:     5   Next: 88%
Magic:  5/5        EV: 16    Int:  9    God:
Gold:   113        SH:  0    Dex: 15    Spells: 4/4 levels left

rFire   . . .        Y - +0 shortbow
rCold   . . .        (shield currently unavailable)
rNeg    + . .        e - +0 ring mail
rPois   inf          (no helmet)
rElec   +            b - +2 cloak {rCorr}
rCorr   +            (no gloves)
SInv    .            (no boots)
Will    .....        l - amulet of regeneration
Stlth   +            g - +5 ring of evasion
HPRegen 1.05/turn    (no ring)
MPRegen 0.09/turn

%: no passive effects
@: about to teleport, weakened
A: sickness immunity, AC +4, negative energy resistance 1, electricity
resistance, torment resistance 1, petrification resistance
a: no special abilities


You were on level 4 of the Dungeon.
You visited 1 branch of the dungeon, and saw 4 of its levels.

You collected 113 gold pieces.


Innate Abilities, Weirdness & Mutations

You are immune to sickness and miasma.
Your stone body is resilient. (AC +4)
You are immune to poison.
You resist negative energy. (rN+)
You are resistant to electric shocks. (rElec)
You are resistant to unholy torment.
You are immune to petrification.


   Skills:
 + Level 3.7 Fighting
 - Level 6.0 Ranged Weapons
 - Level 1.8 Armour
 - Level 1.5 Dodging
 - Level 1.1 Stealth


You had 4 spell levels left.
You didn't know any spells.
Your spell library was empty.

Inventory:

Hand Weapons
 Y - a +0 shortbow (weapon)
Armour
 b - a +2 cloak of preservation (worn)
 e - a +0 ring mail (worn)
Jewellery
 g - a +5 ring of evasion (left hand)
 l - an amulet of regeneration (around neck)
Potions
 d - a potion of degeneration {unknown}
 f - a potion of cancellation {unknown}
 h - a potion of haste {unknown}
 j - a potion of curing

Dungeon Overview and Level Annotations

Branches:
Dungeon (4/15)
 Temple: D:4-7

Altars:
Ru
Zin

Annotations:
D:3 3 runed translucent doors, qw's ghost, amateur GrFi
D:4 Eustachio


Message History

Something tries to affect you, but you resist.
The orc completely misses you. The orc misses you.
The gnoll bouda barks out a call to the hunt!
The gnoll picks up the pace!
You shoot an arrow. The arrow hits the gnoll bouda!
The gnoll bouda is heavily wounded.
The gnoll bouda barks out a call to the hunt!
The gnoll picks up the pace!
The orc priest begins to cast a cantrip, but forgets the words!
The orc closely misses you.
You shoot an arrow. The arrow hits the gnoll bouda.
The gnoll bouda is severely wounded.
The gnoll bouda hits you but does no damage.
The orc priest hits you but does no damage.
The orc hits you with a +0 hand axe.
You shoot an arrow.
The arrow hits the gnoll bouda but does no damage.
The gnoll bouda is severely wounded.
The gnoll bouda barely misses you. The orc priest closely misses you.
You hear some strange, mumbled words.
A magic dart appears from out of thin air!
The magic dart hits you. The orc barely misses you. The orc misses you.
The gnoll bouda gazes fiercely through you!
You feel your attacks grow feeble.
The gnoll bouda hits you but does no damage.
Something hits you. The orc closely misses you. The orc priest misses you.
You shoot an arrow. The arrow hits the gnoll bouda!
You kill the gnoll bouda!
You hear a shout!
The orc hits you with a +0 falchion. The orc hits you with a +0 hand axe.
The orc priest closely misses you. Something hits you but does no damage.
You hear an angry hiss.
2325 ||| READING scroll of teleportation.
As you read the scroll of teleportation, it crumbles to dust.
You feel strangely unstable. The orc hits you with a +0 falchion.
The orc barely misses you.
An orc priest comes into view. It is wielding a +0 dagger.
The orc hits you but does no damage.
The orc priest hits you from afar with a +0 trident!
You die...

# #.....####.........#..
#.#.#...###..........##..
#.....#.#...##........##..
.#........####.........
... ...#.#..### #......###
#.#. ##.......## #......#
.#.# ##....#..##########.
............){oo###..
##....#.....o@oo.ggg.
#.....####.o#######..
..#.#. #..# ...... ..... .
....... ?.........
###.....<.# #.......#


You could see 2 orc priests, 3 gnolls and 4 orcs.

Vanquished Creatures
  An orc priest (D:4)
  A gnoll bouda (D:4)
  6 adders
  A dart slug (D:2)
  6 orcs
  5 bats
  7 endoplasms
  5 giant cockroaches
  9 goblins
  8 hobgoblins
  8 jackals
  9 kobolds
  2 quokkas
  10 ball pythons
  4 frilled lizards
  8 rats
90 creatures vanquished.

Notes
Turn   | Place    | Note
-------+----------+-------------------------------------------
     0 | D:1      | qw the Gargoyle Hunter began the quest for the Orb.
     0 | D:1      | Reached XP level 1. HP: 12/12 MP: 1/1
     0 | D:1      | 0 ||| qw: Version: 0.2-a-29-gc1b59c4
     0 | D:1      | 0 ||| qw: Game counter: 4302
     0 | D:1      | 0 ||| qw: Always use a shield: true
     0 | D:1      | 0 ||| qw: God list: Okawaru
     0 | D:1      | 0 ||| qw: Allow faded altars: false
     0 | D:1      | 0 ||| qw: Do Orc after D:15 true
     0 | D:1      | 0 ||| qw: Do second Lair branch before Depths: true
     0 | D:1      | 0 ||| qw: Lair rune preference: random
     0 | D:1      | 0 ||| qw: Plans: Normal, Zot:1-4, Slime:5, God:TSO, Crypt,
                  | Tomb, Abyss, Pan, Hells, Win
     0 | D:1      | 0 ||| PLANNING D:1-11
    42 | D:1      | Reached XP level 2. HP: 17/17 MP: 2/2
   253 | D:1      | Reached XP level 3. HP: 17/21 MP: 3/3
   301 | D:1      | Reached skill level 5 in Ranged Weapons
   465 | D:1      | 465 ||| UPGRADING to +5 ring of evasion.
   466 | D:1      | 466 ||| READING 3 scrolls labelled HISEIL RIPSE.
   471 | D:1      | 471 ||| READING 2 scrolls labelled SIGGIO GEEMABUO.
   472 | D:1      | 472 ||| READING scroll labelled OBRUED REOQ.
   473 | D:1      | 473 ||| READING scroll labelled TOTASHR PUHIACA.
   474 | D:1      | 474 ||| DROPPING scroll of butterflies.
   475 | D:1      | 475 ||| DROPPING scroll of revelation.
   505 | D:2      | 505 ||| STAIRDANCE
   542 | D:2      | 542 ||| STAIRDANCE
   643 | D:2      | Reached skill level 3 in Fighting
   670 | D:2      | Found a sacrificial altar of Ru.
   682 | D:2      | Reached XP level 4. HP: 28/28 MP: 4/4
  1102 | D:2      | 1102 ||| READING scroll labelled BUM XURUINUCK.
  1102 | D:2      | Identified a scroll of acquirement
  1102 | D:2      | 1102 ||| ACQUIRING +2 cloak of preservation
  1102 | D:2      | Acquired a +2 cloak of preservation
  1104 | D:2      | 1104 ||| UPGRADING to +2 cloak of preservation.
  1109 | D:2      | 1109 ||| READING scroll labelled DOUGRO ITHRUTRE.
  1135 | D:3      | Found a glowing silver altar of Zin.
  1191 | D:3      | Found a faded altar of an unknown god.
  1439 | D:3      | Reached XP level 5. HP: 31/32 MP: 5/5
  1531 | D:3      | Noticed qw's ghost (amateur GrFi)
  1582 | D:3      | Found a runed translucent gate.
  1582 | D:3      | Found a runed translucent gate.
  1585 | D:3      | Found a runed translucent gate.
  2069 | D:3      | 2069 ||| UPGRADING to amulet of the acrobat.
  2074 | D:3      | 2074 ||| UPGRADING to amulet of regeneration.
  2084 | D:3      | 2084 ||| DROPPING amulet of the acrobat.
  2085 | D:3      | 2085 ||| READING scroll labelled BIMEYN QENOELI.
  2086 | D:3      | 2086 ||| DRINKING 2 bubbling brown potions.
  2096 | D:3      | 2096 ||| DRINKING 3 blue potions.
  2097 | D:3      | 2097 ||| DROPPING potion of ambrosia.
  2119 | D:4      | Reached skill level 6 in Ranged Weapons
  2174 | D:4      | Noticed Eustachio
  2184 | D:4      | HP: 6/32 [river rat[Eustachio] (8)]
  2185 | D:4      | 2185 ||| READING 2 scrolls of teleportation.
  2194 | D:4      | 2194 ||| FLEEEEING.
  2196 | D:4      | 2196 ||| STAIRDANCE
  2225 | D:3      | 2225 ||| UPGRADING to +0 ring mail.
  2235 | D:3      | 2235 ||| DROPPING +0 leather armour.
  2236 | D:3      | 2236 ||| READING scroll labelled OJINKOOCEI.
  2266 | D:4      | Reached skill level 1 in Armour
  2314 | D:4      | 2314 ||| DRINKING 2 potions of curing.
  2314 | D:4      | 2314 ||| (to cure confusion)
  2314 | D:4      | Identified the +1 mace of Byvekh {pain, *Noise Fly rF+
                  | Will+}
  2324 | D:4      | HP: 8/32 [orc/+0 falchion (4)]
  2325 | D:4      | 2325 ||| READING scroll of teleportation.
  2325 | D:4      | Slain by an orc priest

Levels and vault maps discovered:
D:1:      ncdulo_lavacross, layout_rooms, serial_curves, eino_curves_03,
          eino_curves_01, eino_curves_02
D:2:      layout_rooms, basic_altar
D:3:      layout_loops_corners, mainiacjoe_overflow_24_doors,
          gammafunk_ghost_icy, shapermc_ecumenical_altar_totnotflames
D:4:      layout_rooms, uniq_eustachio

Skill      XL: |  1  2  3  4  5 |
---------------+----------------+-----
Ranged Weapons | 5 6 |  6.0
Fighting       | 3 |  3.7
Armour         | 1 |  1.8
Dodging        | |  1.5
Stealth        | |  1.1

Action                     |  1- 3 |  4- 6 || total
---------------------------+-------+-------++-------
   Fire: Shortbow          |   120 |   160 ||   280
    Use: Scroll            |     4 |     6 ||    10
         Potion            |       |     3 ||     3
 Armour: Leather armour    |    38 |    18 ||    56
         Ring mail         |       |    17 ||    17
  Dodge: Dodged            |    86 |    73 ||   159

Table legend:
 A = Non-vault XP
 B = Vault XP
 C = Vault XP percentage of total XP
 D = Non-vault monster count
 E = Vault monster count
 F = Vault count percentage of total count
                 A         B        C        D         E       F
            +---------+---------+-------+---------+---------+-------
      Total |     302 |       0 |   0.0 |      90 |       0 |   0.0
            +---------+---------+-------+---------+---------+-------
        D:1 |      50 |       0 |   0.0 |      33 |       0 |   0.0
        D:2 |      93 |       0 |   0.0 |      20 |       0 |   0.0
        D:3 |      49 |       0 |   0.0 |      22 |       0 |   0.0
        D:4 |     110 |       0 |   0.0 |      15 |       0 |   0.0
            +---------+---------+-------+---------+---------+-------
